 BcadrenCrawl: Boulder Brew version 0.03.2.1-55-g6201c1df07 (webtiles) character file.

Game seed: 12233133219944897529, levelgen mode: deterministic

426417 esc the Malleable (level 22, -9/294 HPs) Lime Draconian Demonspawn. Began on Feb 3, 2021. Was the Champion of Bahamut & Tiamat. Mangled by a titan ... wielding a +1 long sword (28 damage) ... while paralysed ... on level 5 of the Vaults. The game lasted 01:54:29 (29093 turns).

esc the Malleable (Lime Draconian Demonspawn)      Turns: 29093, Time: 01:54:30

Health: -9/294     AC: 50    Str: 33    XL:     22 ^: 75334
Magic:  45/45      EV:  1    Int: 16    God:    Bahamut & Tiamat [6* [200]]
Gold:   2213       SH:  0    Dex: 26    Spells: 51/59 levels left

rFire    . . .     Vision   .     - Unarmed
rCold    . . .     Gourm    .     - Unarmed
rNeg     + + +     Faith    .   (armour unavailable)
rPois    ∞         Spirit   .   (helmet unavailable)
rElec    .         Reflect  +   (cloak currently unavailable)
rCorr    +         Harm     .   (gloves currently unavailable)
MR       +....                  (boots currently unavailable)
Stlth    ++........             P - amulet of reflection
HPRegen  4.08/turn              H - ring "Kiwk" {EV+5 Dex+5}
MPRegen  0.55/turn              G - ring "Qiwoagho" {+Fly EV+5 Slay+2}

@: confused, mighty, agile, dragon-form, petrified, hasted, lightly drained
A: giant, no body armour, unfitting armour, powered by death 2, powered by pain
3, boosted slings aptitude, strongly boosted whips and flails aptitude, boosted
shields aptitude, transmutation enhancer 2, rCorr, AC +12
}: 3/15 runes: serpentine, barnacled, abyssal
a: Breathe Acid, End Transformation, Adaptive Breath, Summon Drakes, Change
Draconian Colour, Renounce Religion, Evoke Flight


You were on level 5 of the Vaults.
You worshipped Bahamut & Tiamat.
Bahamut & Tiamat was exalted by your worship.
You were not hungry.
You were a fearsome dragon!
You visited 6 branches of the dungeon, and saw 28 of its levels.
You visited the Abyss 1 time.
You also visited: Bailey and Desolation.

You collected 4337 gold pieces.
You spent 2124 gold pieces at shops.

Inventory:

Shields
 d - the +2 shield of Resistance (melded) {rF+ rC+ MR+}
   (You took it off Donald on level 2 of the Snake Pit)

   Base shield rating: 8 Skill to remove penalty: 15.0 It protects you from
   fire.
   It protects you from cold.
   It affects your resistance to hostile enchantments.
Armour
 A - a +2 cloak of cold resistance (melded)
 R - a +2 pair of gloves of cold resistance (melded)
 T - a +2 pair of boots of insulation (melded)
Jewellery
 x - an uncursed amulet of regeneration
 G - the ring "Qiwoagho" (right foreclaw) {+Fly EV+5 Slay+2}
   (You found it in the Desolation of Salt)

   [ring of evasion]

   It affects your evasion (+5).
   It affects your accuracy and damage with ranged weapons and melee attacks
   (+2).
   It lets you fly.
 H - the ring "Kiwk" (left foreclaw) {EV+5 Dex+5}
   (You bought it in a shop on level 2 of the Orcish Mines)

   [ring of evasion]

   It affects your evasion (+5).
   It affects your dexterity (+5).
 P - an amulet of reflection (around neck)
Wands
 f - a wand of disintegration (26)
 k - a wand of scattershot (1)
 t - a wand of enslavement (60)
 y - a wand of random effects (11)
 z - a wand of polymorph (43)
 C - a wand of flame (70)
 F - a wand of hasting (5)
 I - a wand of acid (26)
 N - a wand of iceblast (18)
 Q - a wand of ensnaring (13)
 V - a wand of healing (2)
Scrolls
 a - a scroll of summoning
 e - 25 scrolls of teleportation
 h - 6 scrolls of bless item
 n - 12 scrolls of fog
 o - 14 scrolls of enchantment
 r - 5 scrolls of vulnerability
 K - 2 scrolls of holy word
 S - 3 scrolls of magic mapping
 W - 7 scrolls of fear
Potions
 c - 13 potions of heal wounds
 g - 3 potions of invisibility
 i - 9 potions of mutation
 j - 8 potions of haste
 l - 11 potions of agility
 q - a potion of cancellation
 u - 4 potions of resistance
 v - 9 potions of might
 w - 17 potions of curing
 D - 4 potions of magic
 J - 3 potions of ambrosia
 L - 2 potions of berserk rage
Miscellaneous
 m - 3 sacks of spiders
 s - a phantom mirror
 B - a box of beasts
 E - a fan of gales
 M - a lantern of shadows
Comestibles
 b - 74 rations
 p - 14 chunks of flesh


   Skills:
 + Level 16.5(15.9) Fighting
 + Level 12.5(11.9) Dodging
 - Level 1.3(0.9) Stealth
 + Level 7.7(7.2) Shields
 + Level 16.4(15.8) Unarmed Combat
 + Level 19.1(18.4) Spellcasting
 + Level 23.2(22.5) Transmutations
 - Level 1.5(1.1) Fire Magic
 - Level 10.0(9.5) Invocations


You had 51 spell levels left.
You knew the following spells:

 Your Spells              Type           Power        Failure   Level  Hunger
a - Flame Tongue          Fire           18 (30)      1%          1    None
b - Dragon Form           Tmut           114 (200)    1%          7    ######.

Your spell library contained the following spells:

 Spells                   Type           Power        Failure   Level  Hunger
 Confusing Touch          Hex            14 (50)      1%          1    None
 Freeze                   Ice            14 (25)      1%          1    None
 Pain                     Hex/Necr       14 (25)      1%          1    None
 Poisonous Vapours        Pois/Air       14 (50)      1%          1    None
 Blink                    Tloc           N/A          1%          2    None
 Call Imp                 Summ           14 (100)     1%          2    None
 Passwall                 Tmut/Erth      85 (120)     1%          2    None
 Slow                     Hex            14 (100)     1%          2    None
 Sting                    Pois           14 (25)      1%          2    None
 Swiftness                Chrm/Air       14 (100)     1%          2    None
 Conjure Flame            Fire           18 (100)     1%          3    None
 Ignite Poison            Fire/Tmut      87 (100)     1%          3    None
 Scorpion Form            Tmut/Pois      85 (200)     1%          3    None
 Snakes to Sticks         Hex/Tmut       85 (100)     1%          3    None
 Leda's Liquefaction      Tmut/Erth      85 (200)     1%          4    None
 Petrify                  Tmut/Erth      85 (100)     1%          4    None
 Irradiate                Tmut/Pois      85 (200)     1%          5    ###....
 Yara's Violent Unravell  Hex/Tmut       85 (200)     1%          5    ###....
 Cigotuvi's Degeneration  Tmut/Necr      85 (200)     1%          6    #####..
 Statue Form              Tmut/Erth      85 (150)     1%          6    #####..
 Blinding Spray           Hex/Pois       14 (50)      3%          3    None
 Confuse                  Hex            14 (100)     3%          3    None
 Gell's Gravitas          Tloc           14 (200)     3%          3    None
 Mephitic Cloud           Pois/Air       14 (100)     3%          3    None
 Ozocubu's Armour         Chrm/Ice       14 (100)     3%          3    None
 Recall                   Summ/Tloc      N/A          3%          3    None
 Teleport Other           Hex/Tloc       14 (100)     3%          3    None
 Tukima's Dance           Hex            14 (100)     3%          3    None
 Sticky Flame             Fire/Pois      16 (100)     9%          4    None
 Infestation              Tmut/Pois      85 (200)     10%         7    ######.
 Animate Dead             Necr           N/A          11%         4    None
 Cause Fear               Hex            14 (200)     11%         4    None
 Olgreb's Toxic Radiance  Pois           14 (100)     11%         4    None
 Passage of Golubria      Tloc           N/A          11%         4    None
 Summon Ice Beast         Ice/Summ       14 (100)     11%         4    None
 Throw Icicle             Ice            14 (100)     11%         4    None
 Bolt of Magma            Fire/Erth      16 (200)     22%         5    ###....
 Aura of Abjuration       Summ           14 (200)     28%         5    ###....
 Iskenderun's Battlesphe  Chrm/Erth      14 (100)     28%         5    ###....
 Lee's Rapid Deconstruct  Erth           14 (200)     28%         5    ###....
 Methodical Deconstructi  Erth           14 (200)     28%         5    ###....
 Silence                  Hex/Air        14 (200)     28%         5    ###....
 Summon Forest            Summ/Erth      14 (200)     28%         5    ###....
 Summon Mana Viper        Summ/Pois      14 (100)     28%         5    ###....
 Bolt of Fire             Fire           18 (200)     65%         6    #####..
 Bolt of Cold             Ice            14 (200)     80%         6    #####..
 Borgnjor's Vile Clutch   Necr/Erth      14 (200)     80%         6    #####..
 Darkness                 Hex            14 (200)     80%         6    #####..
 Death Channel            Chrm/Necr      14 (200)     80%         6    #####..
 Deflect Missiles         Chrm/Air       14 (200)     80%         6    #####..
 Invisibility             Chrm           14 (100)     80%         6    #####..
 Iron Shot                Erth           14 (200)     80%         6    #####..
 Shadow Creatures         Summ           N/A          80%         6    #####..
 Simulacrum               Ice/Necr       14 (200)     80%         6    #####..
 Tunneling                Erth           14 (200)     80%         6    #####..
 Iskenderun's Icy Sphere  Ice            14 (200)     100%        7    ######.
 Spellforged Servitor     Summ           14 (200)     100%        7    ######.
 Discord                  Hex            14 (200)     100%        8    #######
 Dragon's Call            Summ           14 (200)     100%        9    #######
 Shatter                  Erth           14 (200)     100%        9    #######


Dungeon Overview and Level Annotations

Branches:
Dungeon (7/8)              Temple (0/1) D:4            Lair (6/6) D:5
 Shoals (4/4) Lair:3        Snake (4/4) Lair:3        Slime (0/5) Lair:5
    Orc (2/2) D:6             Elf (0/3) Orc:2        Vaults (5/5) D:7
  Crypt (0/3) Vaults:3     Bailey (visited)         Desolation (visited)

Altars:
Bahamut & Tiamat
Cheibriados
Dithmenos
Kikubaaqudgha
Makhleb
Ru
Wu Jian
Xom
Yredelemnul
The Shining One
Jiyva

Shops:
D:7 ?**?   Orc:2 !=?*   Snake:1 ==}   Snake:3 *   Vaults:2 (

Portals:
Bazaar: Vaults:4


Innate Abilities, Weirdness & Mutations

You cannot fit into any form of body armour.
Your slimy lime-green scales are hard. (AC +12)
You can breathe balls of acidic spit.
((You have a pair of large antennae on your head. (+Vis)))
((Your large and strong wings let you fly indefinitely.))
((You are completely covered in thin metallic scales. (AC +4, rElec)))
((You are heat resistant. (rF+)))
You regenerate health from kills.
You are powered by pain.
((You are cold-blooded and may be slowed by cold attacks.))
You are naturally skilled at Slings (Aptitude +3).
You are naturally adept at Whips & Flails (Aptitude +5).
You are naturally skilled at Shields (Aptitude +3).
You are strongly in touch with the powers of transmutation.
Your slimy lime-green scales grant you resistance to acid and corrosion. (rCorr)


Message History

The air twists around and strikes you (4).
* * * LOW HITPOINT WARNING * * *
The vault guard hits you but does no damage.
A crawling corpse merges with a small abomination to form a large abomination.
The chaos butterfly beats its wings.
A gust of chaos comes forth.
The chaotic winds form chaos vortices. 4 chaos vortices come into view.
The runic seals fade away.
The ogre mage hits you from afar with a +0 glaive (9)!
* * * LOW HITPOINT WARNING * * *
Something bites you (13)!
* * * LOW HITPOINT WARNING * * *
Something claws you but does no damage. x2
The vault guard hits you but does no damage.
The vault warden hits you with a +1 great sword (4).
* * * LOW HITPOINT WARNING * * *
The chaos butterfly bites you but does no damage.
The chaos butterfly touches you but does no damage.
The titan hits you with a +1 long sword (28)!!
You die...

#.......#..#....#y..#
#.......#..#....#....
#.....].#..#..v......
#########..#....#.....
.......[#..........
........÷eXX.e....p
#######L.xpX....#.#
{......cOXpy.......
.......X.D{.x.....
.......*QpC<..v...
........x9<**.....
#############$..*.e..####
.......)..Q)[.x.)........
....##...[##..#....#.....
...# ##..####[#.v..#..###
...####..####.#....# .#
....##[..)##..#....# #


You could see a titan, an ancient lich, a vault warden, a tengu reaver, 2 vault
guards, a deep elf death mage, a chaos butterfly, 2 deep elf elementalists, an
ogre mage, 3 chaos vortices, a war gargoyle, 5 large abominations, a yaktaur, 3
small abominations, 3 lost souls, a battlesphere and a crawling corpse.

Vanquished Creatures
  An ancient lich (Vaults:5)
  Mara (Vaults:3)
  2 golden dragons (Vaults:5)
  Margery (Vaults:3)
  Jorgrun (Orc:1)
  2 titans (Vaults:5)
  2 shadow dragons (Vaults:5)
  Donald (Snake:2)
  4 tengu reavers
  An imperial myrmidon (Desolation)
  2 storm dragons
  13 nagarajas
  A thorn hunter (Abyss:3)
  5 war gargoyles
  16 vault wardens
  2 deep elf sorcerers (Abyss:3)
  3 fire giants
  2 frost giants
  Aizul (Snake:1)
  17 ironheart preservers
  A deep elf elementalist (Vaults:5)
  A halazid warlock (Desolation)
  5 entropy weavers (Lair:4)
  3 tentacled monstrosities (Vaults:5)
  3 deep elf demonologists
  The ghost of Jipob the Peltast, an adept MiBe of Trog (Lair:6)
  A green death (Abyss:3)
  4 merfolk javelineers
  2 deep elf annihilators (Vaults:3)
  5 merfolk impalers
  5 fire dragons
  A ghoul (Vaults:1)
  4 deep elf death magi
  4 crystal guardians (Desolation)
  2 mummy priests (Lair:1)
  3 ragged hierophants (Desolation)
  A merfolk avatar (Shoals:4)
  2 ice dragons
  A deep troll shaman (Vaults:3)
  5 rakshasas
  6 death knights
  2 very ugly things (Vaults:5)
  16 naga warriors
  4 servants of whispers (Desolation)
  2 peacekeepers (Desolation)
  3 ghost crabs (Lair:4)
  4 satyrs
  The ghost of Nyzic the Grappler, a journeyman TrMo (Lair:4)
  9 boulder beetles
  4 great orbs of eyes
  2 catoblepae
  A deep troll earth mage (Vaults:3)
  5 stone giants
  A catoblepas (shapeshifter) (Vaults:5)
  14 ogre magi
  11 naga sharpshooters
  5 merfolk aquamancers
  4 ettins
  12 yaktaur captains
  4 hell knights (Vaults:3)
  A swooping magpie (Lair:4)
  An alligator snapping turtle (Shoals:1)
  7 deep elf knights
  7 shock serpents
  25 vault guards
  An unseen horror (D:7)
  A swamp dragon (Lair:6)
  42 two-headed ogres
  5 fire crabs (Lair:4)
  11 anacondas
  12 deep elf archers
  2 shadow wraiths
  10 hydras
  6 phantasmal warriors
  2 flayed ghosts
  19 orc knights
  A harpy (shapeshifter) (Vaults:1)
  31 harpies
  17 ironbrand convokers
  A shambling mangrove (Abyss:3)
  6 wizards
  7 centaur warriors
  9 fauns
  A deep troll (Vaults:3)
  3 naga ritualists (Snake:4)
  2 skeletal warriors
  A torpor snail (Lair:3)
  2 necromancers
  A torpor snail (shapeshifter) (Vaults:5)
  3 death yaks (Lair:4)
  10 guardian serpents
  13 giraffes
  12 sea snakes
  3 orc sorcerers
  14 deep elf magi
  13 manticores
  10 merfolk sirens
  4 worldbinders (Abyss:3)
  4 salamanders
  A molten gargoyle (Desolation)
  A salamander (shapeshifter) (Vaults:1)
  22 black mambas
  2 gargoyles (D:6)
  An apocalypse crab (Lair:4)
  33 naga magi
  19 vault sentinels
  6 water nymphs
  5 mana vipers
  16 spiny frogs
  2 large abominations (Vaults:3)
  6 freezing wraiths
  26 ugly things
  7 rime drakes
  7 wolf spiders
  40 yaktaurs
  12 trolls
  31 elephants
  2 kobold demonologists
  25 merfolk
  11 komodo dragons
  12 snapping turtles
  A tyrant leech (Shoals:3)
  10 wind drakes
  2 polar bears
  9 hornets
  A wraith (Vaults:3)
  A ynoxinul (Orc:2)
  34 blink frogs
  A vampire (D:7)
  2 hydra zombies (Lair:2)
  A yaktaur zombie (Vaults:2)
  41 saltlings (Desolation)
  2 giraffe skeletons (Lair:2)
  8 hippogriffs
  3 steam dragons
  7 cyclopes
  A shadow dragon simulacrum (Vaults:3)
  A catoblepas skeleton (Lair:2)
  12 water elementals
  10 wyverns
  A fire elemental (Lair:6)
  A human (D:4)
  3 hydra skeletons (Lair:2)
  4 hogs (D:4)
  A human (shapeshifter) (D:7)
  2 fire giant simulacra
  17 yaks
  A hog (shapeshifter) (D:7)
  An acid dragon (Lair:6)
  4 basilisks
  A frost giant simulacrum (Vaults:1)
  47 nagas
  4 guardian mummies (Lair:2)
  A redback (Lair:1)
  3 vampire mosquitoes
  17 slime creatures
  A redback (shapeshifter) (Vaults:2)
  A wolf spider zombie (D:4)
  7 wargs
  A phantom (D:4)
  38 orc warriors
  Duvessa (D:2)
  A necrophage (D:5)
  3 scorpions
  24 water moccasins
  5 small abominations
  16 porcupines
  A human zombie (Vaults:2)
  2 ice beasts
  2 swamp drakes (Lair:6)
  2 black bears
  A deep troll skeleton (Vaults:2)
  2 eyes of draining (D:7)
  2 eyes of draining (shapeshifter)
  A chaos butterfly zombie (Lair:2)
  A tengu (shapeshifter) (Vaults:5)
  43 ogres
  9 boggarts
  A dream sheep zombie (Lair:2)
  7 wolves
  19 crocodiles
  A rock worm zombie (D:4)
  6 big kobolds
  4 komodo dragon zombies
  An ogre simulacrum (Vaults:1)
  A swooping magpie skeleton (Lair:2)
  3 komodo dragon skeletons (Lair:2)
  33 bullfrogs
  Dowan (D:2)
  A black mamba zombie (Lair:2)
  A meliai zombie (D:6)
  17 centaurs
  A gnoll sergeant (D:4)
  5 spiny frog zombies (Lair:2)
  A yaktaur simulacrum (Vaults:1)
  2 harpy skeletons
  3 spiny frog skeletons (Lair:2)
  A yak skeleton (Lair:2)
  2 howler monkeys
  A blink frog zombie (Lair:2)
  5 killer bees (D:5)
  8 wights
  10 electric eels
  A lava snake (Lair:6)
  3 crimson imps (D:4)
  A basilisk zombie (Lair:2)
  A rime drake zombie (Lair:2)
  2 blink frog skeletons (Lair:2)
  16 orc priests
  11 hounds
  5 jellies
  6 hell rats (Lair:5)
  9 worker ants
  2 wyvern zombies
  5 iguanas
  19 orc wizards
  A crocodile zombie (Lair:2)
  3 water moccasin zombies (Lair:2)
  6 water moccasin skeletons (Lair:2)
  A wyvern skeleton (D:5)
  2 crocodile skeletons (Lair:2)
  3 giant cockroaches
  5 bullfrog zombies
  4 porcupine zombies (Lair:2)
  A wolf zombie (Lair:2)
  A porcupine skeleton (Lair:2)
  A wolf skeleton (Lair:2)
  12 bullfrog skeletons
  10 gnolls
  A shadow imp (D:3)
  10 adders
  35 sewer rats
  12 cinder newts
  7 worms
  A worker ant zombie (D:5)
  6 oozes (D:2)
  A howler monkey skeleton (D:3)
  3 dart slugs (D:1)
  8 leopard geckos
  83 orcs
  2 adder skeletons (D:5)
  5 ball pythons
  2 cinder newt skeletons (D:2)
  12 goblins
  6 hobgoblins
  4 jackals (D:4)
  8 quokkas
  7 bats
  A bat skeleton (D:2)
  A goblin skeleton (D:2)
  A jackal skeleton (D:2)
  24 kobolds
  7 rats
  A rat skeleton (D:2)
  A bush (D:2)
  2 crawling corpses
  2 jellyfish (Shoals:2)
  6 plants
1793 creatures vanquished.

Vanquished Creatures (others)
  A deep elf sorcerer (Vaults:5)
  A two-headed ogre (Vaults:2)
  A manticore (Shoals:2)
  A boggart (Vaults:3)
  A wolf zombie (Lair:2)
  An orc (D:6)
  A ball python (D:2)
  7 bushes
  25 fungi
  4 giant blowflies
  3 jellyfish
  72 plants
  106 withered plants (D:2)
224 creatures vanquished.

Grand Total: 2017 creatures vanquished

Notes
Turn   | Place    | Note
-------+----------+-------------------------------------------
     0 | D:1      | esc the Immature Draconian Demonspawn began the quest for
                  | the Orb.
     0 | D:1      | Reached XP level 1. HP: 16/16 MP: 3/3
    56 | D:1      | Gained mutation: You regenerate a little health from kills.
                  | [demonic ancestry]
    56 | D:1      | Reached XP level 2. HP: 23/23 MP: 4/4
   105 | D:1      | Gained mutation: You are partially covered in thin metallic
                  | scales. (AC +2) [demonic ancestry]
   105 | D:1      | Reached XP level 3. HP: 28/28 MP: 5/5
   362 | D:1      | Gained mutation: You have a pair of small antennae on your
                  | head. [demonic ancestry]
   362 | D:1      | Reached XP level 4. HP: 34/35 MP: 6/6
   778 | D:2      | Found a sacrificial altar of Ru.
   802 | D:2      | Gained mutation: You sometimes gain a little power by
                  | taking damage. [demonic ancestry]
   802 | D:2      | Reached XP level 5. HP: 40/41 MP: 7/7
   864 | D:2      | Found a shimmering altar of Xom.
   866 | D:2      | Found a shimmering altar of Xom.
   873 | D:2      | Found a shimmering altar of Xom.
   873 | D:2      | Found a shimmering altar of Xom.
   907 | D:2      | Found a faded altar of an unknown god.
   940 | D:2      | Gained mutation: You have a pair of antennae on your head.
                  | [demonic ancestry]
   940 | D:2      | Reached XP level 6. HP: 32/50 MP: 8/8
  1127 | D:2      | Reached skill level 5 in Unarmed Combat
  1239 | D:2      | Noticed Duvessa
  1241 | D:2      | Noticed Dowan
  1251 | D:2      | Killed Duvessa
  1251 | D:2      | Your scales start taking on a gleaming silver colour.
  1251 | D:2      | Reached XP level 7. HP: 56/57 MP: 9/9
  1251 | D:2      | Gained mutation: Your slimy lime-green scales grant you
                  | resistance to acid and corrosion. (rCorr) [Silver Draconian
                  | growth]
  1251 | D:2      | Gained mutation: You are strongly in touch with the powers
                  | of transmutation. [Silver Draconian growth]
  1274 | D:2      | Killed Dowan
  1649 | D:2      | Reached XP level 8. HP: 67/67 MP: 10/10
  2212 | D:3      | Found a basalt altar of Yredelemnul.
  2336 | D:3      | Reached skill level 5 in Fighting
  3281 | D:4      | Reached XP level 9. HP: 75/75 MP: 11/11
  3287 | D:4      | Reached skill level 5 in Dodging
  3513 | D:4      | Found a snail-covered altar of Cheibriados.
  3546 | D:4      | Found a glowing golden altar of the Shining One.
  3552 | D:4      | Found a burning altar of Makhleb.
  3554 | D:4      | Found an ornate altar of Bahamut and Tiamat.
  3566 | D:4      | Found an ornate altar of the Wu Jian Council.
  3573 | D:4      | Became a worshipper of Bahamut & Tiamat
  3648 | D:4      | Noticed a two-headed ogre
  3663 | D:4      | Killed a two-headed ogre
  3696 | D:4      | Found an ancient bone altar of Kikubaaqudgha.
  3813 | D:4      | Found a staircase to the Ecumenical Temple.
  3848 | D:4      | Gained mutation: You are naturally skilled at Slings
                  | (Aptitude +3). [draconic bloodline]
  3848 | D:4      | Gained mutation: You regenerate health from kills. [demonic
                  | ancestry]
  3848 | D:4      | Reached XP level 10. HP: 86/86 MP: 12/12
  4130 | D:5      | Entered Level 5 of the Dungeon
  4135 | D:5      | Reached * piety under Bahamut & Tiamat
  4354 | D:5      | Found a staircase to the Lair.
  4378 | D:5      | Reached ** piety under Bahamut & Tiamat
  4434 | D:5      | Reached skill level 10 in Unarmed Combat
  4523 | D:5      | Found a flagged portal.
  4535 | Bailey   | Entered a bailey
  4583 | Bailey   | Identified the +2 fustibalus of Termination {molten, +Blink
                  | rN+ Str+3 Dex+4}
  4583 | Bailey   | Noticed an orc knight
  4584 | Bailey   | Identified the +0 ring mail of Indomitability {rPois rF++
                  | rN+ Stlth-}
  4597 | Bailey   | Found a bloodstained altar of Trog.
  4605 | Bailey   | Killed an orc knight
  5030 | D:5      | Reached *** piety under Bahamut & Tiamat
  5484 | Lair:1   | Entered Level 1 of the Lair of Beasts
  5498 | Lair:1   | Gained mutation: You sometimes gain power by taking damage.
                  | [demonic ancestry]
  5498 | Lair:1   | Reached XP level 11. HP: 97/97 MP: 13/13
  5833 | Lair:1   | Noticed a mummy priest
  5862 | Lair:1   | Killed a mummy priest
  5934 | Lair:1   | Noticed a mummy priest
  5943 | Lair:1   | Killed a mummy priest
  6102 | Lair:1   | Reached **** piety under Bahamut & Tiamat
  6216 | Lair:1   | Reached skill level 10 in Fighting
  6545 | Lair:2   | Reached ***** piety under Bahamut & Tiamat
  6579 | Lair:2   | Gained mutation: You are naturally skilled at Shields
                  | (Aptitude +3). [draconic bloodline]
  6579 | Lair:2   | Gained mutation: You have a pair of large antennae on your
                  | head. (+Vis) [demonic ancestry]
  6579 | Lair:2   | Reached XP level 12. HP: 105/105 MP: 14/14
  6662 | Lair:2   | Noticed a catoblepas
  6675 | Lair:2   | Killed a catoblepas
  7320 | Lair:2   | Reached ****** piety under Bahamut & Tiamat
  7759 | Lair:3   | Found a staircase to the Snake Pit.
  7939 | Lair:3   | Found a staircase to the Shoals.
  8156 | Lair:3   | Reached skill level 5 in Invocations
  8158 | Lair:3   | Noticed a catoblepas
  8165 | Lair:3   | Killed a catoblepas
  8528 | Lair:3   | Gained mutation: You are heat resistant. (rF+) [demonic
                  | ancestry]
  8528 | Lair:3   | Gained mutation: You are strongly in touch with the powers
                  | of transmutation. [Silver Draconian growth]
  8528 | Lair:3   | Reached XP level 13. HP: 110/114 MP: 17/17
  8598 | Lair:4   | Found a runed translucent door.
  8634 | Lair:4   | Noticed Nyzic's ghost (journeyman TrMo)
  9007 | Lair:4   | Found a runed translucent door.
  9187 | Lair:4   | Noticed an entropy weaver
  9196 | Lair:4   | Killed an entropy weaver
  9213 | Lair:4   | Noticed an entropy weaver
  9225 | Lair:4   | Killed an entropy weaver
  9229 | Lair:4   | Your scales start taking on a rich purple colour.
  9229 | Lair:4   | Reached XP level 13. HP: 116/116 MP: 19/19
  9260 | Lair:4   | Noticed an entropy weaver
  9271 | Lair:4   | Killed an entropy weaver
  9388 | Lair:4   | Noticed an entropy weaver
  9404 | Lair:4   | Killed an entropy weaver
  9406 | Lair:4   | HP: 5/116 [something (8)]
  9701 | Lair:4   | Noticed an entropy weaver
  9713 | Lair:4   | Gained mutation: You are naturally skilled at Whips &
                  | Flails (Aptitude +3). [draconic bloodline]
  9713 | Lair:4   | Gained mutation: You are powered by pain. [demonic
                  | ancestry]
  9713 | Lair:4   | Reached XP level 14. HP: 45/124 MP: 20/20
  9944 | Lair:4   | Found the +7 captain's cutlass {speed, disarm}
 10097 | Lair:4   | Killed Nyzic's ghost
 10349 | Lair:5   | Identified the cursed +7 plate armour "Raxkadgh" {rElec rC-
                  | Str+3, (Curse: *Slow)}
 10449 | Lair:5   | Reached skill level 10 in Invocations
 10502 | Lair:5   | Received a gift from Bahamut & Tiamat
 10512 | Lair:5   | Learned a level 7 spell: Dragon Form
 10631 | Lair:5   | Found a viscous altar of Jiyva.
 10631 | Lair:5   | Found a staircase to the Slime Pits.
 10635 | Lair:5   | Reached skill level 1 in Transmutations
 11095 | Lair:6   | Entered Level 6 of the Lair of Beasts
 11095 | Lair:6   | Your scales start taking on a slimy lime-green colour.
 11095 | Lair:6   | Reached skill level 3 in Transmutations
 11095 | Lair:6   | Reached XP level 14. HP: 126/126 MP: 21/21
 11114 | Lair:6   | Noticed Jipob's ghost (adept MiBe)
 11135 | Lair:6   | Killed Jipob's ghost
 11135 | Lair:6   | Reached skill level 4 in Transmutations
 11218 | Lair:6   | Reached skill level 5 in Transmutations
 11309 | Lair:6   | Reached skill level 6 in Transmutations
 11357 | Lair:6   | Reached skill level 7 in Transmutations
 11507 | Lair:6   | Reached skill level 8 in Transmutations
 11539 | Lair:6   | Reached skill level 5 in Spellcasting
 11555 | Lair:6   | Reached skill level 9 in Transmutations
 11610 | Lair:6   | Gained mutation: You are naturally adept at Whips & Flails
                  | (Aptitude +5). [draconic bloodline]
 11610 | Lair:6   | Reached XP level 15. HP: 132/132 MP: 22/24
 11726 | Lair:6   | Reached skill level 10 in Transmutations
 11739 | Lair:6   | Identified the -3 spear "Himm" {speed, rN+ MP+9 Dex+3}
 12121 | Lair:6   | Reached skill level 11 in Transmutations
 12724 | D:6      | Found a staircase to the Orcish Mines.
 12952 | D:6      | Reached skill level 12 in Transmutations
 12987 | D:6      | Found a shadowy altar of Dithmenos.
 13430 | Orc:1    | Entered Level 1 of the Orcish Mines
 13431 | Orc:1    | Noticed Jorgrun
 13450 | Orc:1    | Killed Jorgrun
 13605 | Orc:1    | Reached skill level 13 in Transmutations
 13870 | Orc:2    | Entered Level 2 of the Orcish Mines
 13968 | Orc:2    | Found a staircase to the Elven Halls.
 14140 | Orc:2    | Found Tefu's Assorted Antiques.
 14491 | Orc:2    | Found Duul's Distillery.
 14491 | Orc:2    | Found Ruepse's Antique Armour Shop.
 14491 | Orc:2    | Found Ruerph's Jewellery Shop.
 14491 | Orc:2    | Found Odghunl Kaga's Magic Scroll Shoppe.
 14493 | Orc:2    | Reached skill level 14 in Transmutations
 14518 | Orc:2    | Gained mutation: You are mostly covered in thin metallic
                  | scales. (AC +3) [demonic ancestry]
 14518 | Orc:2    | Reached XP level 16. HP: 139/143 MP: 29/29
 14732 | Orc:2    | Bought the cursed ring "Kiwk" {EV+5 Dex+5, (Curse: MR-)}
                  | for 973 gold pieces
 14741 | Orc:2    | Bought a scroll of enchantment for 105 gold pieces
 14741 | Orc:2    | Bought a scroll of teleportation for 42 gold pieces
 14741 | Orc:2    | Bought a scroll of fog for 28 gold pieces
 14741 | Orc:2    | Bought a scroll of teleportation for 42 gold pieces
 14741 | Orc:2    | Bought a scroll of enchantment for 105 gold pieces
 14741 | Orc:2    | Bought a scroll of enchantment for 105 gold pieces
 14741 | Orc:2    | Bought a scroll of fog for 28 gold pieces
 14923 | Snake:1  | Entered Level 1 of the Snake Pit
 14925 | Snake:1  | Reached skill level 10 in Spellcasting
 14982 | Snake:1  | Reached skill level 15 in Transmutations
 15067 | Snake:1  | Noticed Aizul
 15079 | Snake:1  | Killed Aizul
 15387 | Snake:1  | Reached skill level 16 in Transmutations
 15573 | Snake:1  | Found Ukkat's Jewellery Emporium.
 15574 | Snake:1  | Found Vykk's Gadget Boutique.
 15575 | Snake:1  | Found Obbitson's Jewellery Emporium.
 16059 | Snake:2  | Identified the +1 robe of Fothus {rC+ Dex+7 Stlth+}
 16125 | Snake:2  | Noticed Donald
 16137 | Snake:2  | Killed Donald
 16500 | Snake:3  | Reached skill level 17 in Transmutations
 16727 | Snake:3  | Found Rewuek's Assorted Antiques.
 17268 | Snake:3  | Reached skill level 10 in Dodging
 17268 | Snake:3  | Gained mutation: You are completely covered in thin
                  | metallic scales. (AC +4, rElec) [demonic ancestry]
 17268 | Snake:3  | Reached XP level 17. HP: 150/150 MP: 32/32
 17390 | Snake:4  | Entered Level 4 of the Snake Pit
 18018 | Snake:4  | Reached skill level 18 in Transmutations
 18034 | Snake:4  | Reached skill level 15 in Unarmed Combat
 18093 | Snake:4  | Got a serpentine rune of Zot
 18368 | Shoals:1 | Entered Level 1 of the Shoals
 18586 | Shoals:1 | Identified the cursed ring "Curhoj" {rElec EV+5, (Curse:
                  | Fragile)}
 18840 | Shoals:1 | Gained mutation: Your large and strong wings let you fly
                  | indefinitely. [Lime Draconian growth]
 18840 | Shoals:1 | Reached XP level 18. HP: 160/160 MP: 29/35
 20345 | Shoals:4 | Entered Level 4 of the Shoals
 20504 | Shoals:4 | Identified the Incunabulum of the Dozen Dances
 20641 | Shoals:4 | Found the +11 plutonium sword {*Contam Stlth-}
 21008 | Shoals:4 | Reached skill level 15 in Fighting
 21029 | Shoals:4 | Got a barnacled rune of Zot
 21359 | D:7      | Found Esmet's Magic Scroll Shoppe.
 21756 | D:7      | Found Ilost's Assorted Antiques.
 21763 | D:7      | Bought a potion of heal wounds for 130 gold pieces
 21763 | D:7      | Bought a potion of resistance for 260 gold pieces
 21763 | D:7      | Bought a potion of curing for 78 gold pieces
 21763 | D:7      | Bought a scroll of fear for 91 gold pieces
 21814 | D:7      | Found Ruluk's Magic Scroll Shop.
 21847 | D:7      | Bought a scroll of fear for 49 gold pieces
 21847 | D:7      | Bought a scroll of fog for 28 gold pieces
 21927 | D:7      | Found Xadacwau's General Store.
 21935 | D:7      | Bought a potion of might for 40 gold pieces
 21935 | D:7      | Bought a scroll of fog for 20 gold pieces
 21947 | D:7      | Reached skill level 19 in Transmutations
 22133 | D:7      | Found a gate to the Vaults.
 22419 | Vaults:1 | Entered Level 1 of the Vaults
 22447 | Vaults:1 | Identified the +0 scale mail of Mitaxzuo {rC+}
 22466 | Vaults:1 | Reached XP level 19. HP: 170/170 MP: 37/37
 22753 | Vaults:1 | Identified the cursed ring of Yvvoex {rF+ Dex+5 Stlth+,
                  | (Curse: Fragile)}
 22760 | Vaults:1 | Identified the cursed +11 plate armour of Fun {Regen+,
                  | (Curse: rC-)}
 22763 | Vaults:1 | Found the +8 glaive of the Guard {elec, +Rage AC+5 +Vis}
 23054 | Vaults:1 | Identified the cursed amulet "Jitwaw" {Harm *Drain MR+,
                  | (Curse: Fragile rC-)}
 23809 | Vaults:2 | Found a ruined gateway.
 23832 | Desolati | Entered the Desolation of Salt
 24046 | Desolati | Identified the ring "Qiwoagho" {+Fly EV+5 Slay+2}
 24047 | Desolati | Identified the cursed ring "Nasom" {Str+2 Dex+4 +Vis
                  | Stlth+, (Curse: MR-)}
 24048 | Desolati | Identified the -2 cleaver of Gyung {venom, MR+}
 24054 | Desolati | Identified the Catalogue of the Bard
 24066 | Desolati | Identified the Compendium of Glacial Contamination
 24143 | Desolati | Reached skill level 15 in Spellcasting
 24145 | Desolati | Identified the +1 leather armour "Yriegi" {*Slow +Blink
                  | rPois Int-4}
 24188 | Desolati | Identified the Almanac of Entrancing Venom
 24391 | Desolati | Identified the cursed +9 longbow of Infinity {velocity,
                  | rElec MR- Dex+4, (Curse: rC-)}
 24393 | Desolati | Identified the cursed +2 plate armour "Ahachuhya" {Dex+3,
                  | (Curse: *Drain)}
 24399 | Desolati | Identified the ring "Besen" {rPois rN+ MP+9 Dex+2 Stlth+}
 24608 | Vaults:2 | Reached XP level 20. HP: 181/181 MP: 39/39
 24645 | Vaults:2 | Identified the cursed ring of Ciycial {Fire MP+9 Dex+8
                  | Slay-2, (Curse: *Drain Fragile Stlth-)}
 24649 | Vaults:2 | Reached skill level 20 in Transmutations
 24658 | Vaults:2 | Reached skill level 1 in Shields
 24872 | Vaults:2 | Found Geong's Weapon Boutique.
 25945 | Vaults:3 | Noticed Mara
 25952 | Vaults:3 | Killed Mara
 25997 | Vaults:3 | Noticed Margery
 26014 | Vaults:3 | Killed Margery
 26076 | Vaults:3 | Identified the +0 pair of gloves of Togocaq {rElec rF+++
                  | rC- rCorr}
 26649 | Vaults:3 | Reached skill level 21 in Transmutations
 26674 | Vaults:3 | Identified the cursed amulet "Estuwuemi" {Gourm +Fly rF++
                  | Slay+3 +Vis, (Curse: *Drain Fragile rC-)}
 26949 | Vaults:3 | Identified the cursed ring of Rion {+Inv MP+9 Str+4 Int+4
                  | Slay+2, (Curse: Fragile)}
 26959 | Vaults:3 | Reached XP level 21. HP: 189/189 MP: 41/41
 27057 | Vaults:3 | Reached skill level 5 in Shields
 27372 | Vaults:3 | Found a staircase to the Crypt.
 27704 | Vaults:4 | Identified the cursed ring "Naysaur" {rPois MR+ Int-5
                  | Slay+5 Stlth+, (Curse: Fragile)}
 27833 | Vaults:4 | Identified the cursed +7 dagger of Vephoruz {pain, rF+,
                  | (Curse: rC-)}
 27845 | Vaults:4 | Identified the cursed +3 long sword "Leviticus" {freeze,
                  | rElec Int+4 +Vis, (Curse: *Drain)}
 28273 | Vaults:4 | Identified a scroll of acquirement
 28286 | Vaults:4 | Identified the +7 staff of the Immovable Gods {wizard,
                  | cold; rC+ MR- Int+6} (You acquired it on level 4 of the
                  | Vaults)
 28322 | Vaults:4 | Found a gateway to a bazaar.
 28560 | Vaults:5 | Entered Level 5 of the Vaults
 28560 | Vaults:5 | Identified the cursed ring "DracoOmega" {rF+ MP+9 Dex+2,
                  | (Curse: Fragile rC-)}
 28604 | Vaults:5 | Noticed an ancient lich
 28614 | Vaults:5 | Killed an ancient lich
 28614 | Vaults:5 | Reached skill level 22 in Transmutations
 28661 | Vaults:5 | Noticed a golden dragon
 28668 | Vaults:5 | Killed a golden dragon
 28708 | Vaults:5 | Cast into level 3 of the Abyss (a deep elf demonologist)
 28825 | Abyss:3  | Got an abyssal rune of Zot
 28839 | Vaults:5 | Escaped the Abyss
 28840 | Vaults:5 | Noticed an ancient lich
 28843 | Vaults:5 | Reached XP level 22. HP: 196/196 MP: 44/44
 28850 | Vaults:5 | Identified the ring "Noxtacw" {+Inv Dex+3 Stlth-}
 28860 | Vaults:5 | Identified the -1 morningstar "Olov" {vamp, rPois rF+ rC+}
 28928 | Vaults:5 | Identified the cursed +6 staff of Keliy {flay, cold; rC+
                  | MR+, (Curse: *Corrode Stlth-)}
 28928 | Vaults:5 | Identified the cursed +3 shortbow of Hypnidegija {freeze,
                  | rF- Int+4 Dex+5, (Curse: rC-)}
 28970 | Vaults:5 | Reached skill level 23 in Transmutations
 29073 | Vaults:5 | Identified the +6 great sword of Duxuproigh {protect,
                  | +Blink}
 29083 | Vaults:5 | Identified the cursed ring "Kyasajoroci" {Ice *Drain +Blink
                  | Dex+9 Slay+3, (Curse: Fragile)}
 29093 | Vaults:5 | Mangled by a titan

Levels and vault maps discovered:
D:1:      wander_arrival_abandoned_jail, layout_rooms, serial_corexii_hall,
          corexii_hall_statues_l, chequers_hall_statues_y, due_unseen_surprise
D:2:      minmay_recursive_quarters, layout_sewer, hangedman_ru_absence,
          xom_redecorated, chequers_ecumenical_altar_simple, serial_forest,
          infiniplex_forest_clump_medium, infiniplex_forest_side_room,
          infiniplex_forest_end_1, infiniplex_forest_lined_2,
          infiniplex_forest_clump_large, infiniplex_forest_clump_double,
          uniq_duvessa
D:3:      layout_loops_corners, yredelemnul_altar_generic, first_ration
D:4:      layout_irregular_city, slow_altar_1, minitemple,
          kiku_gazebo_garden_becter, minmay_temple_entry_from_below_a,
          grunt_livestock
D:5:      layout_stronghold, due_lair_maze_entry_diamond, enter_bailey_3
D:6:      layout_loops_ring, kennysheep_little_box, david_orc_2
D:7:      layout_loops_ring, hangedman_vaults_entry_quadrant_bands,
          serial_shops, shop_statue, nicolae_shop_crystal,
          nicolae_shop_overgrown_old_shop, shop, chequers_big_river
Lair:1:   layout_loops_ring, chequers_ossuary_entry_cave, lemuel_fruit_tree,
          infiniplex_staircase_pool
Lair:2:   layout_small_grid, ossuary_due_pyramid
Lair:3:   layout_gridlike, elwin_shoals_entry_rocks,
          guppyfry_snake_entry_island, st_stairs_9
Lair:4:   gammafunk_mikee_crab_dinner, layout_cave_shapes,
          ebering_ghost_reflecting_pool, grunt_megastairs_2
Lair:5:   layout_hall_layers, slime_altar_1, fungi_pond_lemuel, minivault_26
Lair:6:   hangedman_lair_tendril_chambers, layout_gridlike,
          guppyfry_lair_end_dragon, ebering_ghost_reflecting_pool
Shoals:1: layout_shoals
Shoals:2: layout_shoals
Shoals:3: layout_shoals
Shoals:4: shoals_end_simple, layout_shoals
Snake:1:  layout_basic, minmay_shop_grove, uniq_aizul
Snake:2:  layout_gridlike, nicolae_snake_round_shape_thing, uniq_donald
Snake:3:  layout_basic, serial_shops, nicolae_shop_overgrown_old_shop,
          hangedman_snake_sidewinding
Snake:4:  snake_pit, layout_layer_cave
Orc:1:    layout_caves, uniq_jorgrun
Orc:2:    st_orc_ogre_mass, layout_diamond_mine, serial_shops,
          nicolae_shop_overgrown_old_shop, nicolae_orc_tapped_out
Vaults:1: hangedman_vaults_snaps, minmay_guarded_unrand_guard_vaults,
          vaults_room_semicircle, vaults_room_pool, grunt_vaults_funnel,
          nicolae_vaults_what_the_h, v_misc_16, nicolae_vaults_network_s,
          v_misc_2, v_rooms_6, vaults_dpeg_encased_lava,
          nicolae_vaults_asterisk, ontoclasm_vaults_pinch,
          vaults_room_door_ring, layout_vaults_maze_snakey
Vaults:2: nicolae_vaults_little_squares_2, v_misc_3, nicolae_vaults_little_ls,
          v_alt_pattern_4, v_misc_2, v_misc_22, vaults_dpeg_cross,
          nicolae_vaults_asterisk, v_misc_17, v_pattern_4,
          ontoclasm_vaults_shuriken, hangedman_vaults_hat,
          hangedman_vaults_pinch, v_misc_26, ontoclasm_vaults_ring_square,
          layout_vaults_omnibox, portal_desolation_entry_ruin, serial_shops,
          nicolae_shop_trees
Vaults:3: vaults_room_grunt_arrival_checkpoint, v_misc_22,
          nicolae_vaults_big_ls, nicolae_vaults_network_star,
          hangedman_vaults_stretched_pinwheel, v_misc_18,
          hangedman_vaults_nodes, vaults_room_grid, blue_anna_dwarven_crypt,
          v_misc_29, nicolae_vaults_little_squares_1,
          nicolae_vaults_know_your_exits, vaults_mumra_lcd,
          layout_vaults_big_cross, uniq_margery, uniq_mara
Vaults:4: hangedman_vaults_maws, hangedman_vaults_unwind, v_misc_3, v_misc_12,
          hangedman_vaults_nails, vaults_room_stairs_pillars, vaults_room_fours,
          st_hourglassy, layout_vaults_omnigrid, serial_shops, bzr_entry_dummy
Vaults:5: serial_shops

Skill      XL: |  1  2  3  4  5  6  7  8  9 10 11 12 13 14 15 16 17 18 19 20 21 22 |
---------------+-------------------------------------------------------------------+-----
Unarmed Combat | 2 3 4 5 6 7 9 10 11 13 14 15 16 | 16.4
Fighting       | 2 3 4 6 7 9 10 11 12 13 14 15 16 | 16.5
Dodging        | 3 4 5 6 7 8 9 10 11 12 | 12.5
Invocations    | 5 9 10 | 10.0
Transmutations | 9 14 17 18 19 21 22 23 | 23.2
Spellcasting   | 6 9 11 13 14 15 16 18 19 | 19.1
Shields        | 4 7 |  7.7
Stealth        | |  1.3
Fire Magic     | |  1.5

Action                   |  1- 3 |  4- 6 |  7- 9 | 10-12 | 13-15 | 16-18 | 19-21 | 22-24 || total
-------------------------+-------+-------+-------+-------+-------+-------+-------+-------++-------
Melee: Unarmed           |    77 |   297 |   354 |   891 |  1404 |  1096 |   871 |    89 ||  5079
       Tailslap          |       |    19 |    18 |    84 |   115 |    74 |    45 |     4 ||   359
       Bite              |       |       |       |       |       |     7 |    19 |     5 ||    31
Throw: Stone             |    37 |    43 |    79 |    39 |       |     2 |       |       ||   200
       Bone              |    19 |    19 |    36 |    17 |     1 |     3 |       |       ||    95
       Rusty metal       |    24 |    10 |    32 |    17 |       |     2 |       |       ||    85
       Skull             |    15 |    25 |    39 |    22 |     3 |     1 |       |       ||   105
       Clump of mud      |       |       |       |       |       |     2 |       |       ||     2
 Cast: Dragon Form       |       |       |       |       |       |    30 |    37 |     3 ||    70
       Flame Tongue      |       |       |       |       |       |       |     2 |       ||     2
Invok: Choose Tiamat's R |       |       |       |     1 |       |       |       |       ||     1
       Choose Tiamat's A |       |       |       |     1 |       |       |       |       ||     1
       Choose Tiamat's S |       |       |       |     1 |       |       |       |       ||     1
       Choose Tiamat's T |       |       |       |     1 |       |       |       |       ||     1
       Change Draconian  |       |       |       |       |     2 |       |       |       ||     2
       Receive Book of t |       |       |       |       |     1 |       |       |       ||     1
 Abil: Breathe Silver Sp |       |       |     1 |     2 |       |       |       |       ||     3
       Breathe Acid      |       |       |       |       |     5 |     6 |     5 |     4 ||    20
       Breathe Dispellin |       |       |       |       |     1 |       |       |       ||     1
Evoke: Wand              |       |       |       |     2 |     1 |     2 |     1 |       ||     6
  Use: Potion            |       |     1 |       |       |     3 |       |     1 |     1 ||     6
       Scroll            |       |       |       |     3 |     2 |     4 |     4 |     1 ||    14
 Stab: Sleeping          |       |       |     6 |    10 |     5 |     6 |     4 |       ||    31
       Distracted        |       |       |     2 |     2 |     1 |     1 |     3 |       ||     9
       Petrifying        |       |       |       |     1 |       |       |       |       ||     1
       Petrified         |       |       |       |     1 |       |       |       |       ||     1
       Held in net/web   |       |       |       |       |       |     3 |     1 |       ||     4
  Eat: Chunk             |       |     1 |     9 |    13 |    15 |    26 |    34 |     3 ||   101
       Ration            |       |       |       |     1 |     2 |     5 |     1 |       ||     9
Armor: Skin              |     8 |    28 |    35 |   123 |   189 |   155 |   139 |   123 ||   800
Dodge: Dodged            |    18 |    81 |    65 |   183 |   394 |   454 |   299 |    44 ||  1538
Block: Other             |       |       |       |       |   100 |    88 |    56 |     9 ||   253
       Reflection        |       |       |       |       |     2 |    17 |     9 |     4 ||    32
       Heater shield     |       |       |       |       |       |       |    17 |     4 ||    21
